 Dungeon Sprint DCSS version 0.26-a0-663-g36e8fdb655 (webtiles) character file.

Game seed: 8205357336960047207

2900 sahdkjhfkaj the Slicer (level 10, -13/68 HPs)
             Began as a Kobold Earth Elementalist on Oct 10, 2020.
             Was an Initiate of Gozag.
             Mangled by a two-headed ogre
             ... wielding a +0 giant club
              (20 damage)
             ... in the Dungeon (Sprint VII: "The Pits").
             The game lasted 00:07:36 (2289 turns).

sahdkjhfkaj the Slicer (Kobold Earth Elementalist)  Turns: 2289, Time: 00:07:37

Health: -13/68     AC:  6    Str:  5    XL:     10   Next: 6%
Magic:  18/23      EV: 23    Int: 21    God:    Gozag
Gold:   1050       SH:  0    Dex: 15    Spells: 14/27 levels left

rFire    . . .     SeeInvis .   o - +4 dagger (elec)
rCold    . . .     Faith    .   (shield restricted)
rNeg     . . .     Spirit   .   c - +0 robe
rPois    .         Reflect  .   v - +0 helmet
rElec    .         Harm     .   (no cloak)
rCorr    .         Rampage  .   t - +0 pair of gloves
MR       .....     NoTele   +   u - +0 pair of boots
Stlth    +++++.....             (no amulet)
HPRegen  0.21/turn              (no ring)
MPRegen  0.18/turn              (no ring)

@: lethally poisoned (-13 -> -20), gold aura
A: small, nightstalker 3
a: Potion Petition, Call Merchant, Bribe Branch, Renounce Religion


You were in the Dungeon.
You worshipped Gozag.
Gozag was most pleased with you.
You visited 1 branch You collected 2367 gold pieces.
You paid 1317 gold pieces to Gozag.

Inventory:

Hand Weapons
 o - a +4 dagger of electrocution (weapon)
Missiles
 b - 27 stones (quivered)
Armour
 c - a +0 robe (worn)
 t - a +0 pair of gloves (worn)
 u - a +0 pair of boots (worn)
 v - a +0 helmet (worn)
Jewellery
 p - a +3 ring of evasion
 q - a +3 ring of intelligence
Wands
 n - a wand of flame (17)
Scrolls
 i - a scroll of blinking
 j - 3 scrolls of remove curse
 k - 5 scrolls of amnesia
 m - 2 scrolls of vulnerability
Potions
 a - 2 potions of invisibility
 d - 6 potions of curing
 e - 11 potions of heal wounds
 f - a potion of haste
 g - 3 potions of magic
 h - 4 potions of berserk rage
 r - 2 potions of might
 s - a potion of resistance


   Skills:
 + Level 9.9 Fighting
 + Level 11.4 Short Blades
 - Level 5.0 Armour
 + Level 11.1 Dodging
 - Level 10.0 Stealth
 + Level 9.4 Spellcasting
 - Level 1.0 Transmutations
 + Level 9.6 Earth Magic


You had 14 spell levels left.
You knew the following spells:

 Your Spells              Type           Power        Failure   Level
a - Sandblast             Erth           ######       1%          1
b - Stone Arrow           Conj/Erth      ####..       2%          3
d - Petrify               Tmut/Erth      ####....     8%          4
e - Lee's Rapid Deconstr  Erth           ######....   3%          5

Your spell library contained the following spells:

 Spells                   Type           Power        Failure   Level
 Passwall                 Tmut/Erth      ####....     1%          2


Dungeon Overview and Level Annotations

Branches:
Dungeon (1/1)

Altars:
Ashenzari
Cheibriados
Dithmenos
Elyvilon
Fedhas
Gozag
Hepliaklqana
Kikubaaqudgha
Makhleb
Nemelex Xobeh
Okawaru
Qazlal
Ru
Sif Muna
Trog
Uskayaw
Vehumet
Wu Jian
Xom
Yredelemnul
Zin
The Shining One
Beogh
Jiyva
Lugonu

Shops:
D [(


Innate Abilities, Weirdness & Mutations

You are small and have problems with some larger weapons.
You are completely attuned to the shadows.


Message History

Aiming: Stone Arrow (dangerous; 2% risk of failure)
Press: ? - help, Shift-Dir - straight line, f/p - swamp dragon
Aim: a swamp dragon (poison gas, severely wounded)
The stone arrow hits the swamp dragon!
The swamp dragon is almost dead.
You are engulfed in poison gas.
You are more poisoned.
* * * LOW HITPOINT WARNING * * *
x2 You feel very sick.
The two-headed ogre barely misses you. The two-headed ogre misses you.
The swamp dragon completely misses you. x2; The swamp dragon misses you.
You feel better.
You are engulfed in poison gas.
You are poisoned.
* * * LOW HITPOINT WARNING * * *
x2 You feel sick.
A small abomination comes into view.
The guardian mummy becomes distracted by the nearby gold, dreaming of imaginary riches.
The two-headed ogre hits you with a +0 giant club!!
You die...
Your body crumbles into a pile of gold.

####.##................+
.....['..............).+
#'#####......#..#......#
..#..##.......).)......#
..#))#####'#####''######
###))##......)##)'#####
..#))##.......##○○○°..'
..#[[##.......##○○....'
.)#'###...<...##@○.☼.##
.....##.......##DO.###
.....##.......##MK##
#######.......##''#
..#..###########x.$
..#(############''#.
..#.#....#....##.$##.
#.#)#....#..[.#
#.#.'....'..))#


You could see a swamp dragon, a two-headed ogre (poisoned), a guardian mummy
(unaware), a small abomination (wandering) and a kobold.

Vanquished Creatures
  A sea snake (D)
  A deep elf mage (D)
  Psyche (D)
  2 kobold demonologists (D)
  A hornet (D)
  A troll (D)
  A tyrant leech (D)
  An ice beast (D)
  A centaur (D)
  A necrophage (D)
  2 big kobolds (D)
  A wight (D)
  A jelly (D)
  An orc priest (D)
  2 orc wizards (D)
  2 mummies (D)
  2 gnolls (D)
  An adder (D)
  A river rat (D)
  A leopard gecko (D)
  3 orcs (D)
  A bat skeleton (D)
  A goblin (D)
  A hobgoblin (D)
  3 jackals (D)
  3 quokkas (D)
  3 kobolds (D)
40 creatures vanquished.

Notes
Turn   | Place    | Note
-------+----------+-------------------------------------------
     0 | D        | sahdkjhfkaj the Kobold Earth Elementalist began the quest
                  | for the Orb.
     0 | D        | Reached XP level 1. HP: 10/10 MP: 3/3
    20 | D        | Reached skill level 1 in Fighting
    20 | D        | Reached skill level 1 in Armour
    20 | D        | Reached XP level 2. HP: 16/16 MP: 0/5
    79 | D        | Found a bloodstained altar of Trog.
    79 | D        | Found a shimmering blue altar of Sif Muna.
    79 | D        | Found a viscous altar of Jiyva.
    79 | D        | Found a hazy altar of Hepliaklqana.
    79 | D        | Found an opulent altar of Gozag.
    80 | D        | Found a glowing golden altar of the Shining One.
    80 | D        | Found a glowing silver altar of Zin.
    80 | D        | Found a sacrificial altar of Ru.
    80 | D        | Found a stormy altar of Qazlal.
    80 | D        | Found a blossoming altar of Fedhas.
    84 | D        | Found a white marble altar of Elyvilon.
    84 | D        | Found an iron altar of Okawaru.
    84 | D        | Found a basalt altar of Yredelemnul.
    85 | D        | Found a shadowy altar of Dithmenos.
    85 | D        | Found a sparkling altar of Nemelex Xobeh.
    85 | D        | Found a shimmering altar of Xom.
    86 | D        | Found a snail-covered altar of Cheibriados.
    86 | D        | Found a burning altar of Makhleb.
    86 | D        | Found an ornate altar of the Wu Jian Council.
    87 | D        | Found a roughly hewn altar of Beogh.
    87 | D        | Found a corrupted altar of Lugonu.
    87 | D        | Found a radiant altar of Vehumet.
    89 | D        | Became a worshipper of Gozag Ym Sagoz the Greedy
    91 | D        | Found a broken altar of Ashenzari.
    91 | D        | Found an ancient bone altar of Kikubaaqudgha.
    91 | D        | Found a hide-covered altar of Uskayaw.
   209 | D        | Reached skill level 1 in Short Blades
   222 | D        | Reached XP level 3. HP: 17/21 MP: 1/7
   288 | D        | Reached XP level 4. HP: 27/27 MP: 4/9
   296 | D        | Learned a level 3 spell: Stone Arrow
   455 | D        | Reached skill level 5 in Dodging
   455 | D        | Reached skill level 5 in Stealth
   455 | D        | Reached XP level 5. HP: 24/33 MP: 2/11
   587 | D        | Learned a level 5 spell: Lee's Rapid Deconstruction
   596 | D        | Noticed a big kobold
   706 | D        | Killed a big kobold
   706 | D        | Reached skill level 5 in Earth Magic
   818 | D        | Learned a level 4 spell: Petrify
   828 | D        | Noticed a necrophage
   840 | D        | Reached XP level 6. HP: 38/39 MP: 7/13
   845 | D        | Killed a necrophage
   845 | D        | Reached skill level 5 in Fighting
   845 | D        | Reached skill level 5 in Short Blades
   845 | D        | Reached skill level 5 in Spellcasting
  1209 | D        | Noticed a deep elf mage
  1211 | D        | Noticed an ice beast
  1214 | D        | Killed a deep elf mage
  1214 | D        | Reached skill level 5 in Armour
  1214 | D        | Reached XP level 7. HP: 22/45 MP: 1/17
  1214 | D        | Reached XP level 8. HP: 24/50 MP: 1/18
  1689 | D        | Noticed Psyche
  1690 | D        | Noticed a troll
  1696 | D        | Killed Psyche
  1696 | D        | Reached skill level 10 in Stealth
  1699 | D        | Killed a troll
  1699 | D        | Reached XP level 9. HP: 31/57 MP: 0/20
  1946 | D        | Noticed a sea snake
  1946 | D        | Noticed a kobold demonologist
  1951 | D        | Killed a sea snake
  1951 | D        | Reached skill level 10 in Short Blades
  1951 | D        | Reached skill level 10 in Dodging
  1952 | D        | Noticed a soul eater
  1953 | D        | Killed a kobold demonologist
  1953 | D        | Noticed a kobold demonologist
  2016 | D        | Killed a kobold demonologist
  2276 | D        | Noticed a tyrant leech
  2279 | D        | Killed a tyrant leech
  2279 | D        | Noticed a hornet
  2280 | D        | Killed a hornet
  2280 | D        | Reached XP level 10. HP: 66/66 MP: 2/23
  2280 | D        | Noticed a swamp dragon
  2281 | D        | Noticed a two-headed ogre
  2288 | D        | HP: 2/68 [poisoned by a swamp dragon (poison gas)]
  2289 | D        | Mangled by a two-headed ogre

Illustrated notes

Levels and vault maps discovered:
D:        pitsprint [storerooms_1, entrance_room_1, metal_vault_4, armoury_2,
          mini_pit_1, grid_room_1, main_hall_1, silver_pit, the_coven_1,
          the_vestibule_1, steel_vault_4, golden_pit, hallway_of_sentries,
          crystal_vault_1, iron_vault_2, final_vault]

Skill      XL: |  1  2  3  4  5  6  7  8  9 |
---------------+----------------------------+-----
Fighting       | 1 2 3 4 6 8 9 |  9.9
Armour         | 1 2 3 5 |  5.0
Dodging        | 3 4 5 8 9 11 | 11.1
Spellcasting   | 3 4 6 7 9 |  9.4
Stealth        | 3 4 5 6 9 10 | 10.0
Short Blades   | 1 2 3 4 7 9 11 | 11.4
Earth Magic    | 4 5 7 8 9 |  9.6
Transmutations | |  1.0

Action                   |  1- 3 |  4- 6 |  7- 9 | 10-12 || total
-------------------------+-------+-------+-------+-------++-------
Melee: Dagger            |    16 |    30 |     8 |       ||    54
 Cast: Sandblast         |    12 |    11 |     5 |       ||    28
       Stone Arrow       |       |     8 |     6 |     3 ||    17
       Lee's Rapid Decon |       |     1 |     9 |     1 ||    11
Invok: Call Merchant     |       |     1 |     1 |       ||     2
  Use: Potion            |       |     1 |       |     3 ||     4
       Scroll            |       |       |       |     1 ||     1
 Stab: Sleeping          |       |     1 |       |       ||     1
Armor: Robe              |     3 |     3 |     4 |       ||    10
Dodge: Dodged            |    18 |    23 |     7 |    11 ||    59

Table legend: (Time is in decaauts)
 A = Elapsed time spent in this place.
 B = Non-inter-level travel time spent in this place.
 C = Inter-level travel time spent in this place.
 D = Time resting spent in this place.
 E = Time spent auto-exploring this place.
 F = Levels seen in this place.
 G = Mean time per level.
                   A        B        C        D        E       F      G
               +--------+--------+--------+--------+--------+-----+--------+
         Total |   2278 |   2205 |     73 |   1527 |      0 |   1 | 2278.0 |
       Dungeon |   2278 |   2205 |     73 |   1527 |      0 |   1 | 2278.0 |
               +--------+--------+--------+--------+--------+-----+--------+

Top non-repeatable levels by time:
       D: 2278 daAuts
